 Dungeon Crawl Stone Soup version 0.21-a0-510-g5070ee8bc0 (webtiles) character file.

215 Kaname the Conjurer (level 5, -1/35 HPs)
             Began as a Demonspawn Wizard on Dec 1, 2017.
             Killed by nerve-wracking pain
             ... invoked by an orc priest
              (3 damage)
             ... on level 3 of the Dungeon.
             The game lasted 00:05:19 (1979 turns).

Kaname the Conjurer (Demonspawn Wizard)             Turns: 1979, Time: 00:05:20

Health: -1/35      AC:  4    Str:  8    XL:     5   Next: 60%
Magic:  0/10       EV: 12    Int: 26    God:
Gold:   113        SH:  0    Dex: 11    Spells: 2/11 levels left

rFire    . . .     SeeInvis .   g - +1 dagger (elec)
rCold    . . .     Gourm    .   (no shield)
rNeg     . . .     Faith    .   a - +0 robe
rPois    .         Spirit   +   e - +1 hat {Int+3}
rElec    .         Reflect  .   n - +0 cloak
rCorr    .         Harm     .   (no gloves)
MR       .....                  (no boots)
Stlth    ++........             (no amulet)
HPRegen  0.11/turn              k - +3 ring of intelligence
MPRegen  0.12/turn              (no ring)

@: no status effects
A: hooves 1, nightstalker 1, magic shield
a: no special abilities


You were on level 3 of the Dungeon.
You were not hungry.

You visited 1 branch of the dungeon, and saw 3 of its levels.

You collected 113 gold pieces.

Inventory:

Hand Weapons
 g - a +1 dagger of electrocution (weapon)
Armour
 a - a +0 robe (worn)
 e - a +1 hat of intelligence (worn)
 n - a +0 cloak (worn)
Jewellery
 k - a +3 ring of intelligence (left hand)
Scrolls
 b - a scroll of remove curse {unknown}
 j - a scroll of magic mapping {unknown}
 l - 2 scrolls of enchant armour {unknown}
 o - 3 scrolls of teleportation {unknown}
 p - 2 scrolls of immolation {unknown}
 r - 2 scrolls of identify {unknown}
Potions
 c - a potion of curing {unknown}
 f - a potion of brilliance {unknown}
 h - a potion of lignification {unknown}
 i - a potion of haste
 m - a potion of agility {unknown}
 t - a potion of heal wounds {unknown}
Comestibles
 d - 2 bread rations
 q - a royal jelly
 s - 6 chunks of flesh


   Skills:
 - Level 1.7 Dodging
 - Level 1.7 Stealth
 + Level 3.8 Spellcasting
 - Level 5.0 Conjurations
   Level 1.0 Summonings
 - Level 0.8 Translocations


You had 2 spell levels left.
You knew the following spells:

 Your Spells              Type           Power        Failure   Level  Hunger
a - Magic Dart            Conj           ####         1%          1    None
b - Blink                 Tloc           N/A          10%         2    #......
c - Mephitic Cloud        Conj/Pois/Air  ##......     13%         3    ##.....
d - Conjure Flame         Conj/Fire      ###.....     10%         3    ##.....


Dungeon Overview and Level Annotations

Branches:
Dungeon (3/15)

Altars:
Ru
Trog
Uskayaw
Yredelemnul


Innate Abilities, Weirdness & Mutations

You have large cloven feet.
You are slightly more attuned to the shadows.
When hurt, damage is shared between your health and your magic reserves.


Message History

You don't have enough magic to cast that spell.
The orc priest mumbles some strange prayers to Beogh against you.
Beogh smites you!
An orc comes into view. It is wielding a club.
The orc shouts!
An orc wizard comes into view. It is wielding a dagger.
You barely miss the orc priest. Your kick misses the orc priest.
The orc priest is heavily wounded.
The orc priest hits you with a flail!
* * * LOW HITPOINT WARNING * * *
You hit the orc priest but do no damage.
The orc priest is heavily wounded.
The orc priest hits you with a flail.
* * * LOW HITPOINT WARNING * * *
You hit the orc priest but do no damage.
You kick the orc priest, but do no damage.
The orc priest is moderately wounded.
The orc priest calls down the wrath of Beogh upon you.
Pain shoots through your body!
You die... .... .... ... oo#

#.#
######o###
......@..#
.........#
.........#
.........#
######'###
#####.######
#..........#
#..........#
#..........#


You could see an orc priest, an orc wizard and an orc.

Vanquished Creatures
  A howler monkey (D:2)
  A quasit (D:3)
  An orc wizard (D:3)
  Jessica (D:2)
  3 adders
  An ooze (D:1)
  3 dart slugs
  3 orcs (D:3)
  6 bats
  6 hobgoblins
  3 jackals
  6 frilled lizards
  10 goblins
  5 kobolds
  3 rats
53 creatures vanquished.

Notes
Turn   | Place    | Note
-------+----------+-------------------------------------------
     0 | D:1      | Kaname the Demonspawn Wizard began the quest for the Orb.
     0 | D:1      | Reached XP level 1. HP: 13/13 MP: 4/4
   153 | D:1      | Reached skill level 2 in Conjurations
   375 | D:1      | Gained mutation: You are slightly more attuned to the shadows. [demonic ancestry]
   375 | D:1      | Reached XP level 2. HP: 19/19 MP: 6/6
   923 | D:2      | Reached skill level 3 in Conjurations
   929 | D:2      | Gained mutation: When hurt, damage is shared between your health and your magic reserves. [demonic ancestry]
   929 | D:2      | Reached XP level 3. HP: 24/24 MP: 7/7
  1025 | D:2      | Learned a level 2 spell: Blink
  1029 | D:2      | Learned a level 3 spell: Mephitic Cloud
  1157 | D:2      | Noticed Jessica
  1165 | D:2      | Killed Jessica
  1367 | D:2      | Reached XP level 4. HP: 24/30 MP: 3/8
  1457 | D:3      | Found a basalt altar of Yredelemnul.
  1457 | D:3      | Found a hide-covered altar of Uskayaw.
  1460 | D:3      | Reached skill level 4 in Conjurations
  1633 | D:3      | Learned a level 3 spell: Conjure Flame
  1674 | D:3      | Gained mutation: You have large cloven feet. [demonic ancestry]
  1674 | D:3      | Reached XP level 5. HP: 22/35 MP: 4/9
  1847 | D:3      | Reached skill level 5 in Conjurations
  1925 | D:3      | Found a sacrificial altar of Ru.
  1926 | D:3      | Found a bloodstained altar of Trog.
  1979 | D:3      | Killed from afar by an orc priest

Vault maps used:
D:1:      tarquinn_simple_flora_water_e, serial_park_tiny_2,
          lemuel_another_geyser
D:2:      kennysheep_nub, uniq_jessica
D:3:      chequers_temple_overflow_statue_of_worship

Skill      XL: |  1  2  3  4  5 |
---------------+----------------+-----
Conjurations   | 2 3 4 5 |  5.0
Dodging        | |  1.7
Stealth        | |  1.7
Spellcasting   | |  3.8
Summonings     | |  1.0
Translocations | |  0.8

Action                   |  1- 3 |  4- 6 || total
-------------------------+-------+-------++-------
Melee: Dagger            |    60 |    49 ||   109
       Spear             |     5 |       ||     5
       Kick              |       |     2 ||     2
 Cast: Magic Dart        |    15 |    33 ||    48
 Stab: Sleeping          |     5 |       ||     5
  Eat: Chunk             |     1 |     2 ||     3
Armor: Robe              |    11 |    20 ||    31
Dodge: Dodged            |    34 |    47 ||    81

Table legend:
 A = Spawn XP
 B = Non-spawn XP
 C = Spawn XP percentage of total XP
 D = Spawn monster count
 E = Non-spawn monster count
 F = Spawn count percentage of total count
 G = Total turns spent on level
                    A         B        C        D         E        F      G
               +---------+---------+-------+---------+---------+-------+---------
         Total |       0 |     308 |   0.0 |       0 |      53 |   0.0 |  1979
               +---------+---------+-------+---------+---------+-------+---------
           D:1 |       0 |      36 |   0.0 |       0 |      19 |   0.0 |   812
           D:2 |       0 |     126 |   0.0 |       0 |      14 |   0.0 |   743
           D:3 |       0 |     146 |   0.0 |       0 |      20 |   0.0 |   424
               +---------+---------+-------+---------+---------+-------+---------
